 Dungeon Crawl Stone Soup version 0.19.1-1-g22dce08 (webtiles) character file.

774 sveltemanboy the Destroyer (level 7, -3/40 HPs)
             Began as a Tengu Conjurer on Jan 8, 2017.
             Was a Follower of Vehumet.
             Killed from afar by a steam dragon (17 damage)
             ... with a ball of steam
             ... on level 5 of the Dungeon.
             The game lasted 00:14:03 (5364 turns).

sveltemanboy the Destroyer (Tengu Conjurer)         Turns: 5364, Time: 00:14:03

Health: -3/40      AC:  3    Str:  8    XL:     7   Next: 84%
Magic:  0/12       EV: 13    Int: 17    God:    Vehumet [*.....]
Gold:   276        SH:  0    Dex: 15    Spells: 3 memorised, 5 levels left

rFire  . . .     SeeInvis .     G - +0 trident
rCold  . . .     Gourm    .     a - +0 robe
rNeg   . . .     Faith    .     (no shield)
rPois  +         Spirit   +     d - +0 hat
rElec  .         Reflect  .     n - +0 cloak
rCorr  .         Harm     .     (no gloves)
MR     .....                    (boots unavailable)
Stlth  ++........               j - amulet of guardian spirit
                                (no ring)
                                B - ring of poison resistance

@: no status effects
A: beak, talons 3, able to fly 1
a: Fly, Renounce Religion


You were on level 5 of the Dungeon.
You worshipped Vehumet.
Vehumet was aware of your devotion.
You were not hungry.

You visited 2 branches of the dungeon, and saw 6 of its levels.

You collected 276 gold pieces.

Inventory:

Hand Weapons
 G - a +0 trident (weapon)
Armour
 a - a +0 robe (worn)
 d - a +0 hat (worn)
 n - a +0 cloak (worn)
 A - a +0 buckler
Jewellery
 j - an amulet of guardian spirit (around neck)
 B - a ring of poison resistance (left hand)
Wands
 s - a wand of flame (18/48)
 z - a wand of confusion (41/48)
Scrolls
 e - a scroll of enchant armour {unknown}
 i - a scroll of magic mapping {unknown}
 k - a scroll of immolation {unknown}
 l - 2 scrolls of recharging {unknown}
 m - a scroll of teleportation {unknown}
 p - a scroll of blinking {unknown}
 u - a scroll of random uselessness {unknown}
 y - a scroll of fog {unknown}
 C - a scroll of identify {unknown}
 D - a scroll of fear {unknown}
Potions
 f - a potion of flight {unknown}
 h - 2 potions of berserk rage {unknown}
 o - a potion of curing {unknown}
 t - 3 potions of resistance {unknown}
 v - a potion of brilliance {unknown}
 w - a potion of degeneration {unknown}
 F - a potion of lignification {unknown}
Books
 b - a book of Conjurations

   Spells                             Type                      Level
   a - Magic Dart                     Conjuration                  1
   b - Searing Ray                    Conjuration                  2
   c - Dazzling Spray                 Conjuration/Hexes            3
   d - Fulminant Prism                Conjuration/Hexes            4
   e - Iskenderun's Mystic Blast      Conjuration                  4
   f - Iskenderun's Battlesphere      Conjuration/Charms           5
Comestibles
 c - 5 bread rations
 g - a royal jelly
 q - 5 meat rations
 r - 3 fruits
 x - a beef jerky
 E - 5 chunks of flesh


   Skills:
 + Level 2.8 Fighting
 - Level 2.1 Dodging
 - Level 2.0 Stealth
 - Level 3.2 Spellcasting
 * Level 10.8 Conjurations


You had 5 spell levels left.
You knew the following spells:

 Your Spells              Type           Power        Failure   Level  Hunger
a - Magic Dart            Conj           ####         1%          1    None
b - Searing Ray           Conj           #####.       1%          2    ##.....
c - Iskenderun's Mystic   Conj           #####...     1%          4    ####...


Dungeon Overview and Level Annotations

Branches:
Dungeon (5/15)             Temple (1/1) D:4

Altars:
Dithmenos
Elyvilon
Fedhas
Hepliaklqana
Kikubaaqudgha
Makhleb
Nemelex Xobeh
Okawaru
Ru
Sif Muna
Trog
Vehumet
Xom
Zin

Portals:
Sewer: D:5

Annotations:
D:3 exclusion: oklob plant


Innate Abilities, Weirdness & Mutations

You have a beak for a mouth.
You have claws for feet.
You can fly.


Message History

The steam dragon misses you. The steam dragon claws you.
The searing ray hits the steam dragon.
The steam dragon is almost dead.
You finish channeling your searing ray.
The steam dragon bites you! The steam dragon claws you.
Casting: Searing Ray
Confirm with . or Enter, or press ? or * to list all spells.
Aiming: Magic Dart
Press: ? - help, Shift-Dir - straight line, f/p - steam dragon
Aim: a steam dragon (almost dead)
The magic dart hits the steam dragon.
The steam dragon is almost dead.
You hear the brisk rusting of a drain.
The steam dragon barely misses you. The steam dragon claws you.
You closely miss the steam dragon. You claw the steam dragon.
You peck the steam dragon, but do no damage.
The steam dragon is almost dead.
The steam dragon breathes steam at you. The ball of steam hits you!
You die...

#.##+##.# #.#ss≈#.#
#.#s≈≈#... #.#≈∩≈#..#.#
##### #.#≈≈≈#.#...
...#######.#SS≈#.####
#### #.#.......#####.#
...## ##......#..D......
###.##..##.##.##@#####..
###'###.##.##.>......###
....# #.##.#####.###.#
_...###.##.#####.#
...##...........(#
..##.###.....####.
.###.# #..........
####.# #.....###..
##...# #.(...#


You could see a steam dragon, 2 adders and 3 giant cockroaches.

Vanquished Creatures
  2 ogres
  3 scorpions (D:4)
  2 hounds (D:4)
  3 orc priests (D:3)
  A centaur skeleton (D:5)
  2 orc wizards (D:5)
  A worker ant (D:4)
  7 adders
  2 oozes
  An adder skeleton (D:4)
  4 worms
  4 leopard geckos
  23 orcs
  A ball python (D:4)
  6 giant cockroaches
  10 goblins
  11 hobgoblins
  8 jackals
  6 quokkas
  A ball python skeleton (D:4)
  4 bats
  3 frilled lizards (D:3)
  4 kobolds
  14 rats
123 creatures vanquished.

Vanquished Creatures (others)
  A quokka (D:3)
  A ball python (D:3)
2 creatures vanquished.

Grand Total: 125 creatures vanquished

Notes
Turn   | Place    | Note
-------+----------+-------------------------------------------
     0 | D:1      | sveltemanboy the Tengu Conjurer began the quest for the Orb.
     0 | D:1      | Reached XP level 1. HP: 10/10 MP: 4/4
   168 | D:1      | Reached XP level 2. HP: 9/15 MP: 0/6
   359 | D:1      | Learned a level 2 spell: Searing Ray
   501 | D:1      | Reached skill level 6 in Conjurations
   876 | D:2      | Reached XP level 3. HP: 19/19 MP: 1/7
  1184 | D:2      | You fall through a shaft!
  1199 | D:3      | Reached skill level 7 in Conjurations
  1199 | D:3      | Reached XP level 4. HP: 24/24 MP: 8/8
  1381 | D:3      | Found a bloodstained altar of Trog.
  1537 | D:2      | Gained mutation: You can fly. [Tengu growth]
  1537 | D:2      | Reached XP level 5. HP: 28/28 MP: 8/10
  1672 | D:2      | Found an iron altar of Okawaru.
  1914 | D:3      | Found a white marble altar of Elyvilon.
  1965 | D:3      | Reached skill level 8 in Conjurations
  1975 | D:3      | Learned a level 4 spell: Iskenderun's Mystic Blast
  2109 | D:3      | Found a shimmering altar of Xom.
  2822 | D:3      | Found a blossoming altar of Fedhas.
  2853 | D:3      | Noticed an oklob plant
  2942 | D:4      | Reached XP level 6. HP: 32/32 MP: 5/11
  3277 | D:4      | Reached skill level 9 in Conjurations
  3673 | D:4      | Found a staircase to the Ecumenical Temple.
  3682 | Temple   | Entered the Ecumenical Temple
  3721 | Temple   | Became a worshipper of Vehumet
  3885 | D:4      | Reached skill level 1 in Fighting
  3970 | D:4      | Reached XP level 7. HP: 23/38 MP: 0/12
  4451 | D:4      | Reached skill level 10 in Conjurations
  5066 | D:5      | Entered Level 5 of the Dungeon
  5066 | D:5      | Found a bloodstained altar of Trog.
  5113 | D:5      | Reached * piety under Vehumet
  5113 | D:5      | Offered knowledge of Shock by Vehumet.
  5257 | D:5      | Found a bloodstained altar of Trog.
  5328 | D:5      | Found a glowing drain.
  5339 | D:5      | Noticed a steam dragon
  5364 | D:5      | Killed from afar by a steam dragon

Skill      XL: |  1  2  3  4  5  6  7 |
---------------+----------------------+-----
Conjurations   | 6 7 8 9 10 | 10.8
Spellcasting   | 3 |  3.2
Fighting       | 1 2 |  2.8
Dodging        | |  2.1
Stealth        | |  2.0

Action                   |  1- 3 |  4- 6 |  7- 9 || total
-------------------------+-------+-------+-------++-------
Melee: Spear             |    24 |    70 |    18 ||   112
       Kick              |     2 |    13 |     6 ||    21
       Peck              |     1 |    15 |     4 ||    20
       Trident           |       |       |    17 ||    17
 Cast: Magic Dart        |    33 |    77 |    41 ||   151
       Searing Ray       |     1 |    12 |     9 ||    22
       Iskenderun's Myst |       |     3 |     4 ||     7
Evoke: Wand              |     4 |     1 |       ||     5
 Stab: Sleeping          |     2 |       |     3 ||     5
  Eat: Chunk             |     1 |    11 |     5 ||    17
Armor: Robe              |     3 |    12 |     5 ||    20
Dodge: Dodged            |     7 |    65 |    17 ||    89
